 Dungeon Crawl Stone Soup version 0.29.1-2-gbd0b4ee654 (webtiles) character file.

Game seed: 10236545764860512162

104 GorkyZ the Ducker (level 4, -1/34 HPs)
             Began as a Demonspawn Gladiator on Nov 17, 2022.
             Killed by divine providence
             ... invoked by an orc priest
              (10 damage)
             ... on level 3 of the Dungeon.
             The game lasted 00:09:12 (2363 turns).

GorkyZ the Ducker (Demonspawn Gladiator)            Turns: 2363, Time: 00:09:12

Health: -1/34      AC: 11    Str: 16    XL:     4   Next: 52%
Magic:  4/4        EV:  7    Int: 10    God:
Gold:   147        SH:  0    Dex: 14    Spells: 3/3 levels left

rFire   . . .      SeeInvis .   i - +0 spear
rCold   . . .      Faith    .   (no shield)
rNeg    . . .      Spirit   .   j - +0 chain mail
rPois   .          Reflect  .   c - +0 helmet
rElec   .          Harm     .   (no cloak)
rCorr   +          Rampage  .   (no gloves)
Will    .....                   f - +0 pair of boots
Stlth   ..........              (no amulet)
HPRegen 0.11/turn               k - ring of resist corrosion
MPRegen 0.09/turn               (no ring)

@: no status effects
A: powered by pain 1, sharp scales 1
a: no special abilities


You were on level 3 of the Dungeon.
You visited 1 branch of the dungeon, and saw 3 of its levels.

You collected 147 gold pieces.

Inventory:

Hand Weapons
 a - a +0 flail
 i - a +0 spear (weapon)
 l - a +0 whip of distortion
Missiles
 d - 3 throwing nets (quivered)
 e - a javelin
Armour
 b - a +0 leather armour
 c - a +0 helmet (worn)
 f - a +0 pair of boots (worn)
 j - a +0 chain mail (worn)
Jewellery
 k - a ring of resist corrosion (left hand)
Wands
 n - a wand of roots (5)
Scrolls
 g - a scroll of identify
 m - a scroll of brand weapon {unknown}
Potions
 h - a potion of resistance


   Skills:
 + Level 2.4 Fighting
 + Level 3.1 Maces & Flails
 + Level 1.7 Polearms
 + Level 2.2 Throwing
 + Level 1.2 Armour
 + Level 3.2 Dodging


You had 3 spell levels left.
You didn't know any spells.
Your spell library was empty.

Dungeon Overview and Level Annotations

Branches:
Dungeon (3/15)

Altars:

Shops:
D:2 (


Innate Abilities, Weirdness & Mutations

You sometimes gain a little power by taking damage.
You are partially covered in razor-sharp scales. (AC +1, Slay +1)


Message History

The orc priest is moderately wounded.
The orc priest invokes the aid of Beogh against you.
Pain shoots through your body!
* * * LOW HITPOINT WARNING * * *
You are too injured to fight recklessly!
You are too injured to fight recklessly!
You are too injured to fight recklessly!
You are too injured to fight recklessly!
You are too injured to fight recklessly!
You are too injured to fight recklessly!
You are too injured to fight recklessly!
You are too injured to fight recklessly!
You are too injured to fight recklessly!
You are too injured to fight recklessly!
You are too injured to fight recklessly!
You are too injured to fight recklessly!
You are too injured to fight recklessly!
You are too injured to fight recklessly!
You are too injured to fight recklessly!
You are too injured to fight recklessly!
You are too injured to fight recklessly!
You are too injured to fight recklessly!
You are too injured to fight recklessly!
You are too injured to fight recklessly!
You feel better.
The orc priest hits you from afar with a +0 trident.
* * * LOW HITPOINT WARNING * * *
The orc priest begins to cast a cantrip, but forgets the words!
You barely miss the orc priest.
The orc priest is moderately wounded.
The orc priest barely misses you.
You hit the orc priest.
The orc priest is heavily wounded.
The orc priest hits you with a +0 trident.
* * * LOW HITPOINT WARNING * * *
You hit the orc priest but do no damage.
The orc priest is heavily wounded.
The orc priest mumbles some strange prayers to Beogh against you.
Beogh smites you!
You die...

## . ###.# ....#
### ##### ..#
###### ####.#
...... .. #...o#
###### ..#.##@#
.#.##.# ..##.# #
#.##.# #.##.##.#
#.#...#.#
#.......#
############...###
..........###.##


You could see an orc priest.

Vanquished Creatures
  3 adders
  5 dart slugs
  4 orcs (D:3)
  3 bats
  5 endoplasms (D:1)
  2 giant cockroaches
  8 goblins
  3 hobgoblins
  6 jackals
  8 kobolds
  2 quokkas
  3 ball pythons
  3 frilled lizards
  4 rats
59 creatures vanquished.

Vanquished Creatures (others)
  2 plants (D:2)
2 creatures vanquished.

Grand Total: 61 creatures vanquished

Notes
Turn   | Place    | Note
-------+----------+-------------------------------------------
     0 | D:1      | GorkyZ the Demonspawn Gladiator began the quest for the
                  | Orb.
     0 | D:1      | Reached XP level 1. HP: 16/16 MP: 1/1
    66 | D:1      | Gained mutation: You are partially covered in razor-sharp
                  | scales. (AC +1, Slay +1) [demonic ancestry]
    66 | D:1      | Reached XP level 2. HP: 19/22 MP: 2/2
   688 | D:1      | Found a faded altar of an unknown god.
   865 | D:1      | Gained mutation: You sometimes gain a little power by
                  | taking damage. [demonic ancestry]
   865 | D:1      | Reached XP level 3. HP: 27/27 MP: 3/3
  1257 | D:2      | Reached skill level 1 in Polearms
  1320 | D:2      | Found Voskuw's Antique Weapon Emporium.
  1335 | D:2      | Reached XP level 4. HP: 31/34 MP: 4/4
  1494 | D:2      | Reached skill level 1 in Armour
  2363 | D:3      | Killed from afar by an orc priest

Illustrated notes

Levels and vault maps discovered:
D:1:      matt_arrival_grand_opening, layout_basic,
          shapermc_ecumenical_altar_totnotflames, corexii_hall_statues_l
D:2:      layout_rooms, serial_shops, nicolae_shop_overgrown_old_shop
D:3:      layout_loops_ring, trog_book, glass_columns_c

Skill      XL: |  1  2  3  4 |
---------------+-------------+-----
Throwing       | 2 |  2.2
Dodging        | 3 |  3.2
Maces & Flails | 3 |  3.1
Polearms       | 1 |  1.7
Armour         | 1 |  1.2
Fighting       | |  2.4

Action                   |  1- 3 |  4- 6 || total
-------------------------+-------+-------++-------
Melee: Flail             |    33 |       ||    33
       Spear             |   121 |    93 ||   214
       Punch             |       |     1 ||     1
  Use: Scroll            |     1 |     3 ||     4
       Potion            |     1 |     1 ||     2
Armor: Leather armour    |    18 |       ||    18
       Chain mail        |    75 |    44 ||   119
Dodge: Dodged            |    58 |    38 ||    96
